 Seeded DCSS version 0.30-a0-219-gf2db51d15e (webtiles) character file.

Game seed: 1519367877936991490 (custom seed)

77 Nerdsrcool the Shooter (level 4, -2/23 HPs)
             Began as a Deep Elf Hunter on Oct 7, 2022.
             Was a Follower of Hepliaklqana.
             Slain by a gnoll
             ... wielding a +0 flail
              (9 damage)
             ... on level 2 of the Dungeon.
             The game lasted 00:08:28 (1022 turns).

Nerdsrcool the Shooter (Deep Elf Hunter)            Turns: 1022, Time: 00:08:29

Health: -2/23      AC:  6    Str:  8    XL:     4   Next: 14%
Magic:  6/6        EV:  8    Int: 14    God:    Hepliaklqana [*.....]
Gold:   91         SH:  0    Dex: 20    Spells: 3/3 levels left

rFire   . . .      SeeInvis .    a - +0 shortbow
rCold   . . .      Faith    .    (shield currently unavailable)
rNeg    . . .      Spirit   .    r - +0 scale mail
rPois   .          Reflect  .    (no helmet)
rElec   .          Harm     .    (no cloak)
rCorr   .          Rampage  .    (no gloves)
Will    .....                    (no boots)
Stlth   +.........               (no amulet)
HPRegen 0.23/turn                (no ring)
MPRegen 0.10/turn                (no ring)

@: no status effects
A: reduced essence
a: Renounce Religion, Recall Ancestor, Ancestor Identity


You were on level 2 of the Dungeon.
You worshipped Hepliaklqana.
Hepliaklqana was aware of your devotion.
You visited 1 branch of the dungeon, and saw 2 of its levels.

You collected 91 gold pieces.

Inventory:

Hand Weapons
 a - a +0 shortbow (weapon)
 s - a +0 rapier
Missiles
 i - 28 stones
Armour
 c - a +0 leather armour
 f - a +0 ring mail
 r - a +0 scale mail (worn)
Scrolls
 b - 2 scrolls of immolation
 e - a scroll of amnesia {unknown}
 g - 3 scrolls of noise {unknown}
 j - 2 scrolls of identify {unknown}
 l - a scroll of torment {unknown}
 o - 2 scrolls of poison {unknown}
 p - a scroll of brand weapon {unknown}
 q - a scroll of magic mapping {unknown}
 t - a scroll of enchant armour {unknown}
Potions
 d - a potion of flight {unknown}
 h - a potion of ambrosia {unknown}
 k - a potion of attraction {unknown}
 m - 2 potions of lignification {unknown}
 n - a potion of curing {unknown}


   Skills:
 + Level 2.0 Fighting
 + Level 6.9 Ranged Weapons
 + Level 0.9 Armour
 + Level 2.6 Dodging
 + Level 1.2 Stealth


You had 3 spell levels left.
You didn't know any spells.
Your spell library was empty.

Dungeon Overview and Level Annotations

Branches:
Dungeon (2/15)

Altars:
Hepliaklqana


Message History

You now have 91 gold pieces (gained 4).
An endoplasm comes into view. 2 gnolls come into view.
The gnoll shouts! x2
The gnoll moves out of view.
A gnoll comes into view. It is wielding a +0 flail.
You see here a +0 scale mail.
a - a +0 shortbow (weapon)
The gnoll shouts!
You shoot an arrow. The arrow hits the endoplasm.
You kill the endoplasm!
A gnoll comes into view. It is wielding a +0 whip.
You have reached level 4!
You feel clever.
Zola remembers more of her old skill.
You shoot an arrow. Zola avoids your attack.
The arrow hits the gnoll.
The gnoll is moderately wounded.
You hear a shout!
Zola closely misses the gnoll.
The gnoll hits Zola with a +0 flail!
You shoot an arrow. Zola avoids your attack.
The arrow hits the gnoll.
The gnoll is severely wounded.
Zola hits the gnoll.
The gnoll dies!
Zola hits the gnoll.
Your Fighting skill increases to level 2!
You shoot an arrow. Zola avoids your attack.
The arrow hits the gnoll.
The gnoll is moderately wounded.
The gnoll closely misses Zola.
Zola hits the gnoll.
The gnoll barely misses Zola.
The gnoll hits Zola with a +0 flail!
You shoot an arrow. Zola avoids your attack.
The arrow barely misses the gnoll.
Zola hits the gnoll but does no damage.
The gnoll hits Zola with a +0 halberd!
Zola is destroyed!
You shoot an arrow. The arrow hits the gnoll.
The gnoll is almost dead.
The gnoll hits you with a +0 flail.
The gnoll hits you from afar with a +0 halberd.
The gnoll attacks as you move away! The gnoll barely misses you.
The gnoll attacks as you move away! The gnoll hits you with a +0 flail.
The gnoll attacks as you move away! The gnoll hits you with a +0 flail!
You die...

####........###<........##
. #.....<..# ########..##
.. #........# .........##
... #.#......# ########.##
g...#.#.###### ........##
..... #.# ##########
......#.## . ##.).g.####
##.#.gg@.# #.#.###.......
# #.# ###.#.# #.. # #..
#.. #...


You could see 3 gnolls.

Vanquished Creatures
  3 adders
  A worm (D:2)
  2 dart slugs (D:2)
  2 ball pythons
  3 endoplasms
  3 giant cockroaches (D:1)
  3 goblins
  2 jackals (D:2)
  A quokka (D:2)
  3 bats
  A kobold (D:1)
  4 rats
28 creatures vanquished.

Vanquished Creatures (collateral kills)
  A gnoll (D:2)
  A bat (D:2)
  2 jackals (D:2)
  A kobold (D:2)
5 creatures vanquished.

Vanquished Creatures (others)
  An ancestor (D:2)
1 creature vanquished.

Grand Total: 34 creatures vanquished

Notes
Turn   | Place    | Note
-------+----------+-------------------------------------------
     0 | D:1      | Nerdsrcool the Deep Elf Hunter began the quest for the Orb.
     0 | D:1      | Reached XP level 1. HP: 12/12 MP: 3/3
   118 | D:1      | Reached XP level 2. HP: 10/16 MP: 4/4
   490 | D:2      | Reached skill level 6 in Ranged Weapons
   507 | D:1      | Reached XP level 3. HP: 6/21 MP: 5/5
   624 | D:2      | Found a faded altar of an unknown god.
   655 | D:2      | Prayed at the altar of an unknown god.
   655 | D:2      | Became a worshipper of Hepliaklqana the Forgotten
   655 | D:2      | Reached * piety under Hepliaklqana
  1014 | D:2      | Reached XP level 4. HP: 23/23 MP: 6/6
  1022 | D:2      | Slain by a gnoll

Illustrated notes

Levels and vault maps discovered:
D:1:      sevenhm_arrival_forest_fort_small_3, layout_rooms
D:2:      layout_basic, hellmonk_ecumenical_altar_arch_garden,
          minmay_hexomino_f4

Skill      XL: |  1  2  3  4 |
---------------+-------------+-----
Ranged Weapons | 6 |  6.9
Fighting       | 2 |  2.0
Armour         | |  0.9
Dodging        | |  2.6
Stealth        | |  1.2

Action                   |  1- 3 |  4- 6 || total
-------------------------+-------+-------++-------
Melee: Rapier            |    20 |       ||    20
 Fire: Shortbow          |    75 |     5 ||    80
Throw: Stone             |     1 |       ||     1
Armor: Leather armour    |     8 |       ||     8
       Ring mail         |     7 |       ||     7
       Scale mail        |    15 |       ||    15
Dodge: Dodged            |    44 |     1 ||    45

Table legend: (Time is in decaauts)
 A = Elapsed time spent in this place.
 B = Non-inter-level travel time spent in this place.
 C = Inter-level travel time spent in this place.
 D = Time resting spent in this place.
 E = Time spent auto-exploring this place.
 F = Levels seen in this place.
 G = Mean time per level.
                   A        B        C        D        E       F      G
               +--------+--------+--------+--------+--------+-----+--------+
         Total |   1055 |   1045 |     10 |    192 |    427 |   2 |  527.5 |
       Dungeon |   1055 |   1045 |     10 |    192 |    427 |   2 |  527.5 |
               +--------+--------+--------+--------+--------+-----+--------+

Top non-repeatable levels by time:
     D:1: 567 daAuts
     D:2: 487 daAuts
